SAA
DURHAM RAPIERS @ RENO SILVER SOX
09/17/2032
 
TOP OF THE 1ST
Durham Rapiers batting - Pitching for Reno Silver Sox : RHP Edgardo Salas
Pitching: RHP Edgardo Salas
Batting: RHB Askari bin Idris 0-0: Ball
1-0: Ball
2-0: Foul Ball, location: 2F
2-1: Ball
3-1: Base on Balls
Batting: RHB Colby King 0-0: Swinging Strike
0-1: Ball
1-1: Foul Ball, location: 2F
1-2: Grounds into double play, 5-4-3 (Groundball, 5L)
Batting: SHB Cash Masters 0-0: Ball
1-0: Ball
2-0: Ball
3-0: Called Strike
3-1: Foul Ball, location: 2F
3-2: Base on Balls
Batting: LHB Steve Costillo 0-0: Ball
1-0: Ball
2-0: Ball
3-0: Called Strike
3-1: Foul Ball, location: 2F
3-2: Strikes out looking
Top of the 1st over - 0 runs, 0 hits, 0 errors, 1 left on base; Durham 0 - Reno 0
BOTTOM OF THE 1ST
Reno Silver Sox batting - Pitching for Durham Rapiers : LHP Felipe Melgar
Pitching: LHP Felipe Melgar
Batting: RHB Jean Lechuga 0-0: Ball
1-0: Foul Ball, location: 2F
1-1: Ground out 5-3 (Groundball, 56)
Batting: RHB Spartak Gonjarov 0-0: Ball
1-0: Ground out 1-3 (Groundball, 13)
Batting: RHB Tumas Wenzu 0-0: Ground out 6-3 (Groundball, 6)
Bottom of the 1st over - 0 runs, 0 hits, 0 errors, 0 left on base; Durham 0 - Reno 0
TOP OF THE 2ND
Durham Rapiers batting - Pitching for Reno Silver Sox : RHP Edgardo Salas
Batting: RHB Mun-wah Law 0-0: Called Strike
0-1: Ball
1-1: Fly out, F4 (Line Drive, 4)
Batting: RHB Guillermo Mata 0-0: Ball
1-0: Fly out, F7 (Flyball, 7D)
Batting: RHB Tomás Costello 0-0: Ball
1-0: Ball
2-0: Ball
3-0: Called Strike
3-1: Foul Ball, location: 2F
3-2: Fly out, F9 (Flyball, 9LS)
Top of the 2nd over - 0 runs, 0 hits, 0 errors, 0 left on base; Durham 0 - Reno 0
BOTTOM OF THE 2ND
Reno Silver Sox batting - Pitching for Durham Rapiers : LHP Felipe Melgar
Batting: RHB Armando Romero 0-0: Ball
1-0: Fly out, F3 (Popup, 23F)
Batting: RHB Jong-beom Chang 0-0: Ball
1-0: Ball
2-0: Ball
3-0: Base on Balls
Batting: RHB Roy Burns 0-0: Called Strike
0-1: SINGLE (Groundball, 6D)
Jong-beom Chang to second
Batting: LHB Marcos Costa 0-0: Ball
1-0: Ball
2-0: Fly out, F3 (Line Drive, 3S)
Batting: LHB Henry Madore 0-0: Swinging Strike
0-1: Foul Ball, location: 2F
0-2: Foul Ball, location: 2F
0-2: Ball
1-2: Ball
2-2: Foul Ball, location: 2F
2-2: Foul Ball, location: 2F
2-2: Strikes out swinging
Bottom of the 2nd over - 0 runs, 1 hit, 0 errors, 2 left on base; Durham 0 - Reno 0
TOP OF THE 3RD
Durham Rapiers batting - Pitching for Reno Silver Sox : RHP Edgardo Salas
Batting: RHB Keiran Calleson 0-0: Ground out 6-3 (Groundball, 6)
Batting: RHB Yoshi Kouda 0-0: Ground out 4-3 (Groundball, 4MD)
Batting: RHB Askari bin Idris 0-0: Foul Ball, location: 2F
0-1: Foul Ball, location: 2F
0-2: Ball
1-2: Fly out, F7 (Flyball, 78D)
Top of the 3rd over - 0 runs, 0 hits, 0 errors, 0 left on base; Durham 0 - Reno 0
BOTTOM OF THE 3RD
Reno Silver Sox batting - Pitching for Durham Rapiers : LHP Felipe Melgar
Batting: LHB Luis Aranda 0-0: Ball
1-0: Called Strike
1-1: Called Strike
1-2: Ball
2-2: Ball
3-2: Strikes out looking
Batting: RHB Jean Lechuga 0-0: Ball
1-0: Fly out, F6 (Popup, 6MS)
Batting: RHB Spartak Gonjarov 0-0: Ball
1-0: Called Strike
1-1: Ball
2-1: Fly out, F2 (Popup, 5SF)
Bottom of the 3rd over - 0 runs, 0 hits, 0 errors, 0 left on base; Durham 0 - Reno 0
TOP OF THE 4TH
Durham Rapiers batting - Pitching for Reno Silver Sox : RHP Edgardo Salas
Batting: RHB Colby King 0-0: Called Strike
0-1: Ball
1-1: Swinging Strike
1-2: Ball
2-2: Foul Ball, location: 2F
2-2: Strikes out looking
Batting: SHB Cash Masters 0-0: Ball
1-0: Ball
2-0: Ball
3-0: Called Strike
3-1: Base on Balls
Batting: LHB Steve Costillo 0-0: Foul Ball, location: 2F
0-1: Fielders Choice at 2nd, 1-4 (Groundball, 15S)
Batting: RHB Mun-wah Law 0-0: Ball
1-0: Foul Ball, location: 2F
1-1: Fly out, F7 (Flyball, 7S)
Top of the 4th over - 0 runs, 0 hits, 0 errors, 1 left on base; Durham 0 - Reno 0
BOTTOM OF THE 4TH
Reno Silver Sox batting - Pitching for Durham Rapiers : LHP Felipe Melgar
Batting: RHB Tumas Wenzu 0-0: Called Strike
0-1: Ball
1-1: Swinging Strike
1-2: Strikes out swinging
Batting: RHB Armando Romero 0-0: Called Strike
0-1: Fly out, F7 (Flyball, 7S)
Batting: RHB Jong-beom Chang 0-0: Ball
1-0: Ball
2-0: Ball
3-0: Base on Balls
Batting: RHB Roy Burns 0-0: Foul Ball, location: 2F
0-1: Ball
1-1: Swinging Strike
1-2: Foul Ball, location: 2F
1-2: Foul Ball, location: 2F
1-2: DOUBLE (Line Drive, 8LD)
Jong-beom Chang to third
Batting: LHB Marcos Costa 0-0: DOUBLE (Flyball, 78D)
Jong-beom Chang scores
Roy Burns scores
Batting: LHB Henry Madore 0-0: Called Strike
0-1: Ball
1-1: Ball
2-1: Called Strike
2-2: Strikes out swinging
Bottom of the 4th over - 2 runs, 2 hits, 0 errors, 1 left on base; Durham 0 - Reno 2
TOP OF THE 5TH
Durham Rapiers batting - Pitching for Reno Silver Sox : RHP Edgardo Salas
Batting: RHB Guillermo Mata 0-0: Ball
1-0: Called Strike
1-1: Fly out, F7 (Flyball, 78S)
Batting: RHB Tomás Costello 0-0: Called Strike
0-1: Reached on error, E5 (Groundball, 56)
Batting: RHB Keiran Calleson 0-0: Ball
1-0: Grounds into double play, 5-4-3 (Groundball, 56)
Top of the 5th over - 0 runs, 0 hits, 1 error, 0 left on base; Durham 0 - Reno 2
BOTTOM OF THE 5TH
Reno Silver Sox batting - Pitching for Durham Rapiers : LHP Felipe Melgar
Batting: LHB Luis Aranda 0-0: Hit by Pitch
Batting: RHB Jean Lechuga 0-0: Ball
Luis Aranda is caught stealing 2nd base
1-0: Called Strike
1-1: Swinging Strike
1-2: Ground out U3 (Groundball, 3L)
Batting: RHB Spartak Gonjarov 0-0: Fly out, F8 (Flyball, 8RD)
Bottom of the 5th over - 0 runs, 0 hits, 0 errors, 0 left on base; Durham 0 - Reno 2
TOP OF THE 6TH
Durham Rapiers batting - Pitching for Reno Silver Sox : RHP Edgardo Salas
Batting: RHB Yoshi Kouda 0-0: Ball
1-0: Foul Ball, location: 2F
1-1: Foul Ball, location: 2F
1-2: Ball
2-2: Foul Ball, location: 2F
2-2: Strikes out swinging
Batting: RHB Askari bin Idris 0-0: Ball
1-0: Ball
2-0: Fly out, F7 (Flyball, 7)
Batting: RHB Colby King 0-0: Ball
1-0: Ball
2-0: Called Strike
2-1: Called Strike
2-2: SINGLE (Groundball, 6MD)
Batting: SHB Cash Masters 0-0: Ball
1-0: Ball
2-0: Ball
3-0: Base on Balls
Colby King to second
Batting: LHB Steve Costillo 0-0: Ball
1-0: Foul Ball, location: 2F
1-1: Ball
2-1: Foul Ball, location: 2F
2-2: Fielders Choice at 2nd, 5-4 (Groundball, 56)
Top of the 6th over - 0 runs, 1 hit, 0 errors, 2 left on base; Durham 0 - Reno 2
BOTTOM OF THE 6TH
Reno Silver Sox batting - Pitching for Durham Rapiers : LHP Felipe Melgar
Batting: RHB Tumas Wenzu 0-0: Ball
1-0: Called Strike
1-1: SINGLE (Groundball, 6MD)
Batting: RHB Armando Romero 0-0: Called Strike
0-1: Ball
1-1: Ball
2-1: Ball
3-1: Called Strike
3-2: Base on Balls
Tumas Wenzu to second
Batting: RHB Jong-beom Chang 0-0: 3-RUN HOME RUN (Line Drive, 78XD), Distance : 412 ft
Pitching: RHP Ángel Roldán
Batting: RHB Roy Burns 0-0: Foul Ball, location: 2F
0-1: Ball
1-1: Ball
2-1: Ball
3-1: Called Strike
3-2: Ground out 1-3 (Groundball, 15)
Batting: LHB Marcos Costa 0-0: Ball
1-0: Foul Ball, location: 2F
1-1: Fly out, F7 (Flyball, 78D)
Batting: LHB Henry Madore 0-0: Ball
1-0: Called Strike
1-1: Ball
2-1: Fly out, F9 (Flyball, 9LM)
Bottom of the 6th over - 3 runs, 2 hits, 0 errors, 0 left on base; Durham 0 - Reno 5
TOP OF THE 7TH
Durham Rapiers batting - Pitching for Reno Silver Sox : RHP Edgardo Salas
Batting: RHB Mun-wah Law 0-0: Ground out 5-3 (Groundball, 56)
Batting: RHB Guillermo Mata 0-0: Fly out, F6 (Popup, 6D)
Batting: RHB Tomás Costello 0-0: Ball
1-0: Ball
2-0: Called Strike
2-1: Foul Ball, location: 2F
2-2: Ball
3-2: Ground out 4-3 (Groundball, 4MD)
Top of the 7th over - 0 runs, 0 hits, 0 errors, 0 left on base; Durham 0 - Reno 5
BOTTOM OF THE 7TH
Reno Silver Sox batting - Pitching for Durham Rapiers : RHP Ángel Roldán
Batting: LHB Luis Aranda 0-0: Ball
1-0: Ball
2-0: Called Strike
2-1: Swinging Strike
2-2: Strikes out swinging
Batting: RHB Jean Lechuga 0-0: Called Strike
0-1: Ball
1-1: Ball
2-1: Swinging Strike
2-2: Ball
3-2: Foul Ball, location: 2F
3-2: Foul Ball, location: 2F
3-2: Strikes out swinging
Batting: RHB Spartak Gonjarov 0-0: Called Strike
0-1: Ball
1-1: Called Strike
1-2: Foul Ball, location: 2F
1-2: Foul Ball, location: 2F
1-2: SINGLE (Flyball, 89S)
Batting: RHB Tumas Wenzu 0-0: Ball
1-0: Called Strike
1-1: Ball
2-1: Foul Ball, location: 2F
2-2: Strikes out looking
Bottom of the 7th over - 0 runs, 1 hit, 0 errors, 1 left on base; Durham 0 - Reno 5
TOP OF THE 8TH
Durham Rapiers batting - Pitching for Reno Silver Sox : RHP Edgardo Salas
Batting: RHB Keiran Calleson 0-0: Ball
1-0: Foul Ball, location: 2F
1-1: DOUBLE (Groundball, 5L)
Batting: RHB Yoshi Kouda 0-0: Swinging Strike
0-1: Foul Ball, location: 2F
0-2: Ball
1-2: Strikes out swinging
Batting: RHB Askari bin Idris 0-0: Called Strike
0-1: Ball
1-1: DOUBLE (Line Drive, 78XD)
Keiran Calleson scores
Batting: RHB Colby King 0-0: Called Strike
0-1: Ball
1-1: Foul Ball, location: 2F
1-2: Foul Ball, location: 2F
1-2: Ball
2-2: Ball
3-2: Ground out 6-3 (Groundball, 6)
Askari bin Idris to third
Pitching: RHP Juan Carlos Cruz
Batting: SHB Cash Masters 0-0: Foul Ball, location: 2F
0-1: Ground out 5-3 (Groundball, 5)
Top of the 8th over - 1 run, 2 hits, 0 errors, 1 left on base; Durham 1 - Reno 5
BOTTOM OF THE 8TH
Reno Silver Sox batting - Pitching for Durham Rapiers : RHP Ángel Roldán
Batting: RHB Armando Romero 0-0: Called Strike
0-1: Called Strike
0-2: Foul Ball, location: 2F
0-2: Ball
1-2: Strikes out swinging
Batting: RHB Jong-beom Chang 0-0: Ball
1-0: Ball
2-0: Called Strike
2-1: Ball
3-1: Foul Ball, location: 2F
3-2: Foul Ball, location: 2F
3-2: Ground out 6-3 (Groundball, 6)
Batting: RHB Roy Burns 0-0: Foul Ball, location: 2F
0-1: Ball
1-1: Ball
2-1: Ball
3-1: Base on Balls
Batting: LHB Marcos Costa 0-0: Called Strike
0-1: Foul Ball, location: 2F
0-2: Foul Ball, location: 2F
0-2: SINGLE (Flyball, 7LS)
Roy Burns to second
Batting: LHB Henry Madore 0-0: Ball
1-0: SINGLE (Flyball, 78S)
Roy Burns to third
Marcos Costa to second
Runner from 3rd tries for Home, SAFE, no throw
Batting: LHB Luis Aranda 0-0: Ball
1-0: SINGLE (Line Drive, 34S)
Marcos Costa to third
Henry Madore to second
Runner from 3rd tries for Home, SAFE, no throw
Batting: RHB Jean Lechuga 0-0: Called Strike
0-1: Fly out, F7 (Flyball, 7S)
Bottom of the 8th over - 2 runs, 3 hits, 0 errors, 2 left on base; Durham 1 - Reno 7
TOP OF THE 9TH
Durham Rapiers batting - Pitching for Reno Silver Sox : RHP Juan Carlos Cruz
Now at C: Elijah Seymour
Batting: LHB Steve Costillo 0-0: Ball
1-0: Ball
2-0: Ball
3-0: Called Strike
3-1: Ground out 4-3 (Groundball, 4M)
Batting: RHB Mun-wah Law 0-0: Ball
1-0: Foul Ball, location: 2F
1-1: Ground out 4-3 (Groundball, 4)
Batting: RHB Guillermo Mata 0-0: Swinging Strike
0-1: Foul Ball, location: 2F
0-2: Ball
1-2: Ball
2-2: Strikes out looking
Top of the 9th over - 0 runs, 0 hits, 0 errors, 0 left on base; Durham 1 - Reno 7
Wednesday, September 19th, 2018 - OOTP Baseball 18.8 Build 76